 Dungeon Crawl Stone Soup version 0.28-a0-1080-g05a166d0ed (webtiles) character file.

Game seed: 10513117051300720496

13706 olmar the Basher (level 12, -3/76 HPs)
             Began as a Gargoyle Fighter on Dec 9, 2021.
             Was a High Priest of Makhleb.
             Killed by divine providence
             ... invoked by a smoke demon
             ... summoned by an orc high priest
              (12 damage)
             ... on level 1 of the Orcish Mines on Dec 10, 2021.
             The game lasted 00:21:41 (13360 turns).

olmar the Basher (Gargoyle Fighter)                Turns: 13360, Time: 00:21:42

Health: -3/76      AC: 16    Str: 28    XL:     12   Next: 8%
Magic:  15/15      EV: 10    Int:  6    God:    Makhleb [*****.]
Gold:   452        SH:  7    Dex:  9    Spells: 11/11 levels left

rFire   . . .      SeeInvis .   J - +1 flail (drain)
rCold   . . .      Faith    .   x - +2 buckler of Boeck {rPois Str+3 Int-3}
rNeg    + . .      Spirit   .   b - +0 scale mail
rPois   ∞          Reflect  .   n - +0 helmet
rElec   +          Harm     .   (no cloak)
rCorr   .          Rampage  .   p - +0 pair of gloves
Will    .....                   (no boots)
Stlth   ..........              (no amulet)
HPRegen 0.22/turn               z - +4 ring of protection
MPRegen 0.14/turn               (no ring)

@: corroded, studying Long Blades
A: sickness immunity, AC +8, negative energy resistance 1, electricity
resistance, torment resistance 1, petrification resistance
a: Renounce Religion, Minor Destruction, Lesser Servant of Makhleb, Major
Destruction, Greater Servant of Makhleb


You were on level 1 of the Orcish Mines.
You worshipped Makhleb.
Makhleb was extremely pleased with you.
You visited 2 branches of the dungeon, and saw 12 of its levels.

You collected 452 gold pieces.

Inventory:

Hand Weapons
 J - a +1 flail of draining (weapon)
Armour
 b - a +0 scale mail (worn)
 n - a +0 helmet (worn)
 p - a +0 pair of gloves (worn)
 x - the +2 buckler of Boeck (worn) {rPois Str+3 Int-3}
   (You took it off a kobold on level 8 of the Dungeon)

   Str:       It affects your strength (+3).
   Int:       It affects your intelligence (-3).
   rPois:     It protects you from poison.
Jewellery
 r - a ring of ice
 u - an amulet of the acrobat
 z - a +4 ring of protection (left hand)
 E - a ring of magical power
Wands
 s - a wand of polymorph (1)
 H - a wand of flame (9)
Scrolls
 d - 2 scrolls of identify
 e - 5 scrolls of enchant weapon
 f - 3 scrolls of fear
 g - a scroll of summoning
 h - 5 scrolls of fog
 j - 3 scrolls of vulnerability
 k - a scroll of immolation
 l - 3 scrolls of blinking
 m - a scroll of enchant armour
 o - 5 scrolls of teleportation
 q - a scroll of magic mapping
 y - a scroll of noise
 A - a scroll of acquirement
 B - a scroll of amnesia
Potions
 t - a potion of brilliance
 v - a potion of lignification
 F - a potion of ambrosia
 G - a potion of attraction {unknown}
 I - a potion of magic {unknown}
Miscellaneous
 C - a condenser vane (inert)
 D - a tin of tremorstones (inert)


   Skills:
 + Level 9.4 Fighting
 + Level 12.7 Maces & Flails
 + Level 10.4 Armour
 + Level 8.3 Shields
 + Level 4.5 Invocations


You had 11 spell levels left.
You didn't know any spells.
Your spell library contained the following spells:

 Spells                   Type           Power      Damage    Failure   Level
 Animate Skeleton         Necr           0%         N/A       67%         1
 Beastly Appendage        Tmut           0%         N/A       67%         1
 Pain                     Necr           0%         1d4       67%         1
 Summon Small Mammal      Summ           0%         N/A       67%         1
 Blink                    Tloc           0%         N/A       80%         2
 Corpse Rot               Necr/Air       0%         N/A       80%         2
 Poisonous Vapours        Pois/Air       0%         N/A       80%         2
 Wereblood                Tmut           0%         N/A       80%         2
 Call Canine Familiar     Summ           0%         N/A       95%         3
 Dazzling Flash           Conj/Hex       0%         N/A       95%         3
 Ignite Poison            Fire/Tmut/Pois 0%         N/A       95%         3
 Lesser Beckoning         Tloc           0%         N/A       95%         3
 Mephitic Cloud           Conj/Pois/Air  0%         N/A       95%         3
 Spider Form              Tmut/Pois      0%         N/A       95%         3
 Summon Guardian Golem    Hex/Summ       0%         N/A       95%         3
 Vampiric Draining        Necr           0%         2d6       95%         3
 Animate Armour           Summ/Erth      0%         N/A       100%        4
 Iskenderun's Mystic Bla  Conj/Tloc      0%         2d3       100%        4
 Summon Ice Beast         Ice/Summ       0%         N/A       100%        4
 Agony                    Necr           0%         N/A       100%        5
 Freezing Cloud           Conj/Ice/Air   0%         6-21      100%        5
 Manifold Assault         Tloc           0%         N/A       100%        5
 Silence                  Hex/Air        0%         N/A       100%        5
 Summon Mana Viper        Hex/Summ       0%         N/A       100%        5
 Starburst                Conj/Fire      0%         6d3       100%        6


Dungeon Overview and Level Annotations

Branches:
Dungeon (11/15)            Temple (0/1) D:4            Lair (0/6) D:11
    Orc (1/2) D:10

Altars:
Ashenzari
Cheibriados
Fedhas
Kikubaaqudgha
Makhleb
Nemelex Xobeh
Qazlal
Sif Muna
Trog
Uskayaw
Zin

Shops:
D:6 (?(**   D:9 [

Annotations:
D:7 1 runed translucent door, Crazy Yiuf
Orc:1 Jorgrun


Innate Abilities, Weirdness & Mutations

You are immune to sickness and miasma.
Your stone body is resilient. (AC +8)
You are immune to poison.
You resist negative energy. (rN+)
You are resistant to electric shocks. (rElec)
You are resistant to unholy torment.
You are immune to petrification.


Message History

The burst of rock shards engulfs the orc!
You kill the orc!
Makhleb accepts your kill.
Jorgrun Earthshaker comes into view.
He is wielding a +0 vorpal quarterstaff.
The orc closely misses you. You block the orc sorcerer's attack.
The rust devil hits you. The rust devil corrodes you!
Unknown command.
Unknown command.
Unknown command.
The tremorstone explodes into fragments!
The burst of rock shards engulfs the orc!!
You kill the orc!
Makhleb accepts your kill.
The burst of rock shards engulfs the orc.
The burst of rock shards engulfs the orc warrior.
The burst of rock shards engulfs the orc!!
You kill the orc!
Makhleb accepts your kill.
The burst of rock shards engulfs the orc high priest!!
The burst of rock shards engulfs the ogre!!
The burst of rock shards engulfs the ogre!
The burst of rock shards engulfs the warg!
The burst of rock shards engulfs the orc.
The tin is emptied!
The orc high priest mumbles some strange prayers to Beogh against you.
Beogh smites you! The warg bites you! The rust devil hits you.
The rust devil corrodes you! The orc hits you but does no damage.
The orc sorcerer casts a spell at you. The bolt of fire hits you!
Unknown command.
The orc sorcerer points at you and mumbles some strange words.
The bolt of fire hits the orc!
The orc dies!
The bolt of fire hits you!!!
* * * LOW HITPOINT WARNING * * *
You block the warg's attack. The rust devil hits you.
The rust devil corrodes you! The smoke demon gestures at you. Beogh smites you!
You die...

............. .
#.....#....g.
.#.......$..#.
....o........
##$.)..#T....
#....Oooo>...
##.#oOo......
##...h.o)33)..
##....@4O......
#......ho......
##..<.....#..#.
##..$.......#
##..........#
###.#.....##
###......
#.#..# ####


You could see Jorgrun, a soul eater (summoned), 2 orc high priests, a rust devil
(summoned), a troll, a smoke demon (summoned), 2 wargs, 2 orc sorcerers, 2 orc
warriors, 3 ogres and 2 orcs.

Vanquished Creatures
  A boulder beetle (D:8)
  A centaur warrior (D:8)
  A two-headed ogre (D:10)
  A death yak (D:10)
  A cyclops (D:8)
  A manticore (D:8)
  A deep elf pyromancer (D:8)
  2 gargoyles
  A troll (D:6)
  A meliai (D:8)
  Prince Ribbit (D:9)
  Eustachio (D:6)
  2 wyverns
  13 yaks
  A steam dragon (D:8)
  2 water moccasins
  A hornet zombie (D:7)
  Duvessa (D:6)
  2 necrophages
  2 orc warriors
  2 sky beasts
  An ice beast (D:7)
  A black bear (D:2)
  3 centaurs
  A phantom (D:2)
  3 kobold brigands (D:8)
  3 bullfrogs
  4 scorpions
  Dowan (D:6)
  A water moccasin skeleton (D:4)
  14 killer bees
  3 howler monkeys
  8 wights (D:8)
  2 centaur skeletons
  2 centaur zombies
  3 gnoll shamans
  4 hounds
  3 orc priests
  5 bullfrog skeletons
  3 iguanas
  Terence (D:2)
  Jessica (D:2)
  10 orc wizards
  2 killer bee zombies
  A hound zombie (D:5)
  Robin (D:3)
  15 gnolls
  6 adders
  A shadow imp (D:5)
  An ufetubus (D:6)
  3 worms
  5 dart slugs
  37 orcs
  6 bats
  8 endoplasms
  3 giant cockroaches
  11 goblins
  7 hobgoblins
  7 kobolds
  A quokka (D:1)
  2 ball pythons
  3 frilled lizards
  7 rats
243 creatures vanquished.

Vanquished Creatures (collateral kills)
  A two-headed ogre (D:8)
  A death yak (D:10)
  An ugly thing (D:8)
  A manticore (D:8)
  A centaur (D:8)
5 creatures vanquished.

Vanquished Creatures (others)
  An orc (Orc:1)
  A quokka (D:4)
2 creatures vanquished.

Grand Total: 250 creatures vanquished

Notes
Turn   | Place    | Note
-------+----------+-------------------------------------------
     0 | D:1      | olmar the Gargoyle Fighter began the quest for the Orb.
     0 | D:1      | Reached XP level 1. HP: 14/14 MP: 1/1
   478 | D:1      | Reached XP level 2. HP: 16/19 MP: 2/2
  1363 | D:1      | Found a faded altar of an unknown god.
  1373 | D:1      | Prayed at the altar of an unknown god.
  1373 | D:1      | Became a worshipper of Makhleb the Destroyer
  1373 | D:1      | Reached * piety under Makhleb
  1459 | D:1      | Reached XP level 3. HP: 17/23 MP: 3/3
  1781 | D:2      | Noticed Jessica
  1796 | D:2      | Killed Jessica
  1797 | D:2      | Reached XP level 4. HP: 29/29 MP: 4/4
  1861 | D:2      | Reached skill level 3 in Maces & Flails
  2197 | D:2      | Noticed Terence
  2208 | D:2      | Killed Terence
  2209 | D:2      | Reached XP level 5. HP: 24/33 MP: 5/5
  2711 | D:3      | Noticed a phantom
  2720 | D:3      | Noticed Robin
  2742 | D:2      | Reached ** piety under Makhleb
  2985 | D:3      | Reached skill level 4 in Maces & Flails
  3011 | D:2      | Killed a phantom
  3012 | D:2      | Reached XP level 6. HP: 28/38 MP: 6/6
  3166 | D:3      | Noticed a black bear
  3278 | D:2      | Killed a black bear
  3279 | D:2      | Reached skill level 5 in Maces & Flails
  3279 | D:2      | Reached skill level 5 in Armour
  3458 | D:3      | Killed Robin
  3620 | D:4      | Found a burning altar of Makhleb.
  3662 | D:4      | Reached XP level 7. HP: 41/44 MP: 7/7
  3862 | D:4      | Found a bloodstained altar of Trog.
  4051 | D:4      | Reached *** piety under Makhleb
  4075 | D:4      | Reached skill level 6 in Maces & Flails
  5136 | D:4      | Found a staircase to the Ecumenical Temple.
  5166 | D:5      | Entered Level 5 of the Dungeon
  5195 | D:5      | Found a broken altar of Ashenzari.
  5206 | D:5      | Reached XP level 8. HP: 36/48 MP: 8/8
  5431 | D:5      | Reached skill level 5 in Fighting
  5530 | D:5      | Reached skill level 7 in Maces & Flails
  6067 | D:6      | Found an ancient bone altar of Kikubaaqudgha.
  6126 | D:6      | Noticed Eustachio
  6137 | D:6      | Reached skill level 8 in Maces & Flails
  6169 | D:6      | Killed Eustachio
  6296 | D:6      | Noticed a troll
  6321 | D:6      | Reached XP level 9. HP: 14/55 MP: 9/9
  6322 | D:6      | Killed a troll
  6323 | D:6      | Reached skill level 5 in Shields
  6403 | D:6      | Noticed Duvessa
  6408 | D:6      | Killed Duvessa
  6409 | D:6      | Noticed Dowan
  6413 | D:6      | Killed Dowan
  6659 | D:6      | Found Piapteag's General Store.
  6813 | D:6      | Found Bogatul's Antique Weapon Emporium.
  6994 | D:6      | Found Qosm's Magic Scroll Shop.
  7175 | D:6      | You fall into a shaft and drop 1 floor!
  7199 | D:7      | Reached skill level 9 in Maces & Flails
  7801 | D:7      | Reached **** piety under Makhleb
  8125 | D:7      | Found a runed translucent door.
  8126 | D:7      | Noticed Crazy Yiuf
  8502 | D:6      | Found Woshranea's Weapon Shop.
  8593 | D:6      | Found Besm's Assorted Antiques.
  9045 | D:7      | Reached XP level 10. HP: 40/63 MP: 10/10
  9285 | D:7      | Reached skill level 10 in Maces & Flails
  9835 | D:8      | Noticed a deep elf pyromancer
  9839 | D:8      | Noticed a cyclops
  9859 | D:8      | Killed a deep elf pyromancer
  9860 | D:8      | Reached skill level 1 in Invocations
  9873 | D:8      | Killed a cyclops
  9885 | D:8      | Noticed a manticore
  9908 | D:8      | HP: 2/96 [manticore (5)]
  9913 | D:8      | Killed a manticore
 10192 | D:8      | Noticed a manticore
 10204 | D:8      | Killed a manticore
 10241 | D:8      | Noticed a boulder beetle
 10269 | D:8      | Killed a boulder beetle
 10270 | D:8      | Reached skill level 11 in Maces & Flails
 10270 | D:8      | Reached XP level 11. HP: 57/68 MP: 11/13
 10425 | D:8      | Noticed a two-headed ogre
 10453 | D:8      | Killed a two-headed ogre
 10602 | D:8      | Noticed a centaur warrior
 10608 | D:8      | Noticed a green ugly thing
 10838 | D:8      | Identified the +2 buckler of Boeck {rPois Str+3 Int-3}
 10985 | D:8      | Killed a green ugly thing
 11059 | D:8      | Got Noucey's Papyrus of Earthen Creation
 11096 | D:8      | Killed a centaur warrior
 11110 | D:8      | Identified a scroll of acquirement
 11340 | D:8      | Found a sparkling altar of Nemelex Xobeh.
 11809 | D:8      | Reached skill level 10 in Armour
 11906 | D:8      | Reached skill level 12 in Maces & Flails
 12125 | D:9      | Noticed Prince Ribbit
 12133 | D:9      | Killed Prince Ribbit
 12215 | D:9      | Found Xahaemuo's Antique Armour Shop.
 12253 | D:9      | Found a snail-covered altar of Cheibriados.
 12541 | D:10     | Entered Level 10 of the Dungeon
 12702 | D:10     | Found a shimmering blue altar of Sif Muna.
 12706 | D:10     | Found a glowing silver altar of Zin.
 12709 | D:10     | Found a hide-covered altar of Uskayaw.
 12709 | D:10     | Found a stormy altar of Qazlal.
 12760 | D:10     | Found a blossoming altar of Fedhas.
 12894 | D:10     | Reached ***** piety under Makhleb
 12972 | D:10     | Noticed a two-headed ogre
 12977 | D:10     | Killed a two-headed ogre
 13121 | D:10     | Found a staircase to the Orcish Mines.
 13289 | D:11     | Noticed a death yak
 13289 | D:11     | Noticed a death yak
 13289 | D:11     | Noticed a death yak
 13289 | D:11     | Noticed a death yak
 13289 | D:11     | Found a staircase to the Lair.
 13293 | D:11     | Noticed a death yak
 13293 | D:11     | Noticed a brown ugly thing
 13314 | D:10     | Killed a death yak
 13315 | D:10     | Reached XP level 12. HP: 69/76 MP: 15/15
 13324 | D:10     | Killed a death yak
 13353 | Orc:1    | Entered Level 1 of the Orcish Mines
 13355 | Orc:1    | Noticed an orc high priest
 13356 | Orc:1    | Noticed an orc high priest
 13357 | Orc:1    | Noticed a soul eater
 13358 | Orc:1    | Noticed Jorgrun
 13360 | Orc:1    | Killed from afar by a smoke demon

Illustrated notes

Levels and vault maps discovered:
D:1:      dpeg_arrival_round_b, layout_basic,
          hellmonk_ecumenical_altar_prayer_group, minmay_tetromino_s4
D:2:      layout_basic, uniq_jessica, uniq_terence
D:3:      layout_rooms, uniq_robin
D:4:      layout_basic, general_overflow_altar,
          mainiacjoe_overflow_six_doors_small, lemuel_temple_firewalk_b,
          serial_glass, glass_columns_b, glass_columns_a
D:5:      layout_rooms, ashenzari_conservatory_becter
D:6:      layout_basic, mainiacjoe_overflow_cross_hatched, serial_shops,
          kennysheep_mini, nicolae_diamond_shop, shop, nicolae_square_shop,
          nicolae_diamond_shop, minmay_fractal_squares_diagonal_5, uniq_duvessa,
          uniq_eustachio
D:7:      layout_basic, uniq_crazy_yiuf_cottage
D:8:      minmay_the_grid_square_5x5_3x3 [minmay_the_grid_square_5x5_tri_point,
          minmay_the_grid_square_5x5_two_walls_b,
          minmay_the_grid_square_5x5_checkered_statues,
          minmay_the_grid_square_5x5_hollow_slash,
          minmay_the_grid_square_5x5_megaprize_open,
          minmay_the_grid_square_5x5_sharp_hourglass,
          minmay_the_grid_square_5x5_empty, minmay_the_grid_square_5x5_minibox,
          minmay_the_grid_square_5x5_gyroscope], layout_loops_ring,
          overflow_temple_1_default, hangedman_glass_teeth,
          kennysheep_windowed_goal
D:9:      layout_irregular_city, kennysheep_slug_shrine, serial_shops, shop,
          uniq_prince_ribbit1
D:10:     layout_roguey, nicolae_overflow_hallway_of_the_gods, hiddenorc1_lemuel
D:11:     minmay_separated_statues, layout_basic, dpeg_lair_monsters
Orc:1:    layout_caves, serial_shops, shop, basic_altar, led_sif_book,
          uniq_josephine, uniq_urug, uniq_jorgrun

Skill      XL: |  1  2  3  4  5  6  7  8  9 10 11 |
---------------+----------------------------------+-----
Armour         | 4 5 6 8 9 10 | 10.4
Maces & Flails | 3 4 5 6 8 9 11 12 | 12.7
Fighting       | 4 5 7 8 9 |  9.4
Shields        | 4 5 7 8 |  8.3
Invocations    | 2 4 |  4.5

Action                   |  1- 3 |  4- 6 |  7- 9 | 10-12 || total
-------------------------+-------+-------+-------+-------++-------
Melee: Flail             |    92 |   145 |   406 |   533 ||  1176
Invok: Minor Destruction |       |       |     2 |    20 ||    22
       Lesser Servant of |       |       |       |     5 ||     5
Evoke: Wand              |       |     5 |    21 |    15 ||    41
       Condenser vane    |       |       |       |     1 ||     1
       Tin of tremorston |       |       |       |     2 ||     2
  Use: Potion            |     2 |       |     7 |    12 ||    21
       Scroll            |       |       |       |    13 ||    13
 Stab: Invisible         |       |       |     2 |     4 ||     6
       Distracted        |       |       |       |     1 ||     1
Armor: Scale mail        |    51 |    98 |   277 |   309 ||   735
       Skin              |       |       |       |    44 ||    44
Dodge: Dodged            |    50 |    71 |   221 |   225 ||   567
Block: Buckler           |    16 |    29 |    84 |   155 ||   284

Table legend: (Time is in decaauts)
 A = Elapsed time spent in this place.
 B = Non-inter-level travel time spent in this place.
 C = Inter-level travel time spent in this place.
 D = Time resting spent in this place.
 E = Time spent auto-exploring this place.
 F = Levels seen in this place.
 G = Mean time per level.
                   A        B        C        D        E       F      G
               +--------+--------+--------+--------+--------+-----+--------+
         Total |  13322 |  12862 |    460 |   2538 |   7964 |  12 | 1110.2 |
       Dungeon |  13315 |  12855 |    460 |   2538 |   7964 |  11 | 1210.5 |
  Orcish Mines |      6 |      6 |      0 |      0 |      0 |   1 |    6.0 |
               +--------+--------+--------+--------+--------+-----+--------+

Top non-repeatable levels by time:
     D:8: 2109 daAuts
     D:7: 1924 daAuts
     D:1: 1813 daAuts
     D:6: 1758 daAuts
     D:4: 1561 daAuts
     D:2: 1207 daAuts
     D:5: 895 daAuts
    D:10: 782 daAuts
     D:3: 645 daAuts
     D:9: 614 daAuts
   Orc:1: 6 daAuts
    D:11: 4 daAuts
